 Dungeon Crawl Stone Soup version 0.30-a0-760-g5a9884bb7c (webtiles) character file.

Game seed: 15149201869251571160

4261 BigDaddyOpFi the Blocker (level 10, -1/73 HPs)
             Began as a Formicid Fighter on Feb 10, 2023.
             Was a Follower of Hepliaklqana.
             Succumbed to a killer bee's poison
             ... on level 8 of the Dungeon.
             The game lasted 00:07:58 (6730 turns).

BigDaddyOpFi the Blocker (Formicid Fighter)         Turns: 6730, Time: 00:07:58

Health: -1/73      AC:  8    Str: 25    XL:     10   Next: 56%
Magic:  22/22      EV:  6    Int:  8    God:    Hepliaklqana [*.....]
Gold:   427        SH: 21    Dex: 13    Spells: 9/9 levels left

rFire   . . .      SeeInvis +    s - +5 battleaxe
rCold   + . .      Faith    .    v - +0 tower shield
rNeg    . . .      Spirit   .    x - +0 chain mail
rPois   .          Reflect  +    (helmet unavailable)
rElec   .          Harm     .    (no cloak)
rCorr   .          Rampage  .    d - +0 pair of gloves
Will    +....                    (no boots) Stlth
                                 p - amulet of reflection
HPRegen 0.32/turn                h - ring of magical power
MPRegen 0.18/turn                o - ring of protection from cold

@: lethally poisoned (-1 -> -7)
A: reduced essence, permanent stasis, dig shafts and tunnels, antennae 3, four
strong arms, deformed body
a: Dig, Shaft Self, Renounce Religion, Recall Ancestor, Ancestor Identity


You were on level 8 of the Dungeon.
You worshipped Hepliaklqana.
Hepliaklqana was aware of your devotion.
You visited 1 branch of the dungeon, and saw 8 of its levels.

You collected 427 gold pieces.

Inventory:

Hand Weapons
 a - a +1 war axe
 l - a +3 hand axe of freezing
 s - a +5 battleaxe (weapon)
Armour
 b - a +0 scale mail
 c - a +0 buckler
 d - a +0 pair of gloves (worn)
 q - an orb of mayhem
 v - a +0 tower shield (worn)
 x - a +0 chain mail (worn)
Jewellery
 g - a ring of flight
 h - a ring of magical power (left hand)
 o - a ring of protection from cold (right hand)
 p - an amulet of reflection (around neck)
 r - a ring of protection from fire
 t - an amulet of regeneration
Wands
 e - a wand of flame (31)
 f - a wand of polymorph (5)
Scrolls
 k - 4 scrolls of identify
 n - a scroll of fog
Potions
 i - a potion of flight
 m - a potion of brilliance


   Skills:
 + Level 8.4 Fighting
 + Level 7.3 Axes
 + Level 8.4 Armour
 + Level 10.1 Shields
 * Level 4.8 Invocations


You had 9 spell levels left.
You didn't know any spells.
Your spell library contained the following spells:

 Spells                   Type           Power      Damage    Failure   Level
 Apportation              Tloc           0%         N/A       100%        1
 Necrotise                Necr           0%         1d4       100%        1
 Summon Small Mammal      Summ           0%         N/A       100%        1
 Lesser Beckoning         Tloc           0%         N/A       100%        2
 Momentum Strike          Conj/Tloc      0%         3d8       100%        2
 Call Canine Familiar     Summ           0%         N/A       100%        3
 Summon Guardian Golem    Hex/Summ       0%         N/A       100%        3
 Vampiric Draining        Necr           0%         2d6       100%        3
 Agony                    Necr           0%         N/A       100%        5
 Alistair's Intoxication  Tmut/Pois      0%         N/A       100%        5
 Blink                    Tloc           Unusable   N/A       N/A         2

Dungeon Overview and Level Annotations

Branches:
Dungeon (8/15)             Temple (0/1) D:6
   Lair: D:8-11

Altars:
Cheibriados
Fedhas
Hepliaklqana
Makhleb
Nemelex Xobeh
Ru
Trog
Uskayaw
Yredelemnul

Shops:
D:6 *   D:7 :


Innate Abilities, Weirdness & Mutations

Your life essence is reduced to manifest your ancestor. (-10% HP)
You cannot be hasted, slowed, berserked, paralysed or teleported.
You can dig through walls and to a lower floor.
You have a pair of large antennae on your head. (SInv)
Your four strong arms can wield two-handed weapons with a shield.
Armour fits poorly on your strangely shaped body.


Message History

You slash the killer bee! You block the killer bee's attack. x2
The killer bee stings you but does no damage.
The killer bee completely misses you. The killer bee stings you.
You are poisoned.
The killer bee poisons you! The killer bee stings you.
The killer bee barely misses you. The killer bee stings you!
Septimus completely misses the killer bee.
The killer bee stings you!
You are more poisoned.
The killer bee poisons you! The killer bee stings you.
You are more poisoned.
The killer bee poisons you! The killer bee stings you.
You slice the killer bee!!
You kill the killer bee!
You slice the killer bee!!
You kill the killer bee!
You hit the killer bee.
* * * LOW HITPOINT WARNING * * *
You feel extremely sick. You block the killer bee's attack. x3
Okay, then.
You miss the killer bee.
The killer bee is lightly wounded.
* * * LOW HITPOINT WARNING * * *
You feel extremely sick. You block the killer bee's attack.
The killer bee stings you.
* * * LOW HITPOINT WARNING * * *
Septimus hits the killer bee.
The killer bee barely misses Septimus.
As you read the scroll of fear, it crumbles to dust.
You assume a fearsome visage.
The killer bee looks frightened!
* * * LOW HITPOINT WARNING * * *
You feel very sick.
Septimus misses the killer bee.
* * * LOW HITPOINT WARNING * * *
You feel sick.
* * * LOW HITPOINT WARNING * * *
You feel sick.
Okay, then.
Keep disrobing?
You die...

..........?... ..##.
.............. .....#
............... .##....
.......#..###.. ......##
#....##.....†. #.....#
##...#......## ##.
#.....####..##......#
#...#.....#.............#.
.......##@................
.)....R..##...##..........
.....#...##..###..........
... ###.###...##.........
. #.# ##............. #.#
##............ ...
#............ ...
#...##........
.........##..##....


You could see the friendly Septimus the ancestor.

Vanquished Creatures
  A gargoyle (D:7)
  Prince Ribbit (D:8)
  A hornet (D:8)
  Eustachio (D:5)
  4 yaks (D:8)
  2 wyverns (D:7)
  3 water moccasins
  An orc warrior (D:7)
  Pargi (D:3)
  2 black bears
  2 ice beasts
  An ogre (D:5)
  A bullfrog (D:5)
  3 necrophages
  3 scorpions
  5 wights (D:7)
  2 killer bees (D:8)
  A crimson imp (D:4)
  A jelly (D:7)
  2 orc priests
  6 hounds
  An orc wizard (D:8)
  2 iguanas
  4 gnolls (D:4)
  3 adders
  A white imp (D:4)
  3 ufetubi
  A worm (D:2)
  A dart slug (D:4)
  16 orcs
  5 endoplasms
  4 giant cockroaches
  12 goblins
  7 hobgoblins
  7 jackals
  2 quokkas
  4 ball pythons
  2 bats
  3 frilled lizards
  2 kobolds
  2 rats
126 creatures vanquished.

Vanquished Creatures (collateral kills)
  Maurice (D:8)
  A jelly (D:8)
  An orc (D:8)
3 creatures vanquished.

Vanquished Creatures (others)
  An ancestor (D:8)
1 creature vanquished.

Grand Total: 130 creatures vanquished

Notes
Turn   | Place    | Note
-------+----------+-------------------------------------------
     0 | D:1      | BigDaddyOpFi the Formicid Fighter began the quest for the
                  | Orb.
     0 | D:1      | Reached XP level 1. HP: 18/18 MP: 1/1
   263 | D:1      | Reached XP level 2. HP: 24/24 MP: 2/2
   918 | D:2      | Reached XP level 3. HP: 11/30 MP: 3/3
  1065 | D:2      | Found a hide-covered altar of Uskayaw.
  1131 | D:2      | Reached XP level 4. HP: 37/37 MP: 4/4
  1514 | D:3      | Noticed Pargi
  1532 | D:3      | Killed Pargi
  1533 | D:3      | Reached skill level 5 in Shields
  1533 | D:3      | Reached XP level 5. HP: 24/42 MP: 5/5
  2156 | D:4      | Reached XP level 6. HP: 48/49 MP: 6/6
  2202 | D:4      | Found a sacrificial altar of Ru.
  2838 | D:5      | Entered Level 5 of the Dungeon
  2838 | D:5      | Noticed a water moccasin
  2849 | D:5      | Gained mutation: Armour fits poorly on your strangely
                  | shaped body. [potion of mutation]
  2859 | D:5      | Reached skill level 6 in Shields
  2859 | D:5      | Reached XP level 7. HP: 11/55 MP: 7/7
  2859 | D:5      | Killed a water moccasin
  2860 | D:5      | Reached skill level 5 in Fighting
  2860 | D:5      | Reached skill level 5 in Armour
  3150 | D:5      | Noticed Eustachio
  3172 | D:5      | Killed Eustachio
  3173 | D:5      | Reached XP level 8. HP: 22/63 MP: 8/8
  3379 | D:5      | Reached skill level 7 in Shields
  4103 | D:6      | Found a basalt altar of Yredelemnul.
  4109 | D:6      | Found a blossoming altar of Fedhas.
  4114 | D:6      | Found a bloodstained altar of Trog.
  4117 | D:6      | Found a burning altar of Makhleb.
  4119 | D:6      | Found a snail-covered altar of Cheibriados.
  4129 | D:6      | Found a hazy altar of Hepliaklqana.
  4135 | D:6      | Became a worshipper of Hepliaklqana the Forgotten
  4220 | D:6      | Reached skill level 5 in Axes
  4373 | D:6      | Found a sparkling altar of Nemelex Xobeh.
  4495 | D:6      | Found Imitujen's Assorted Antiques.
  4671 | D:6      | Found a staircase to the Ecumenical Temple.
  4710 | D:7      | Noticed a gargoyle
  4724 | D:7      | Killed a gargoyle
  4725 | D:7      | Reached skill level 8 in Shields
  4725 | D:7      | Reached XP level 9. HP: 18/71 MP: 9/9
  5205 | D:7      | Found Sekessamn's Book Shop.
  5265 | D:7      | Reached skill level 9 in Shields
  5708 | D:7      | Reached * piety under Hepliaklqana
  5922 | D:7      | Reached skill level 1 in Invocations
  5922 | D:7      | Reached XP level 10. HP: 27/72 MP: 10/10
  6537 | D:8      | Noticed Maurice
  6562 | D:8      | Killed Maurice
  6588 | D:8      | Noticed Prince Ribbit
  6595 | D:8      | Killed Prince Ribbit
  6657 | D:8      | Reached skill level 10 in Shields
  6728 | D:8      | HP: 2/73 [poisoned by a killer bee]
  6730 | D:8      | Succumbed to a killer bee's poison

Illustrated notes

Levels and vault maps discovered:
D:1:      dpeg_arrival_snail, layout_basic
D:2:      layout_basic, basic_altar
D:3:      layout_rooms, kennysheep_generic_room_10, uniq_pargi
D:4:      layout_basic, lemuel_tele_altar, serial_glass, glass_columns_a,
          glass_columns_b, glass_columns_b, glass_columns_b,
          minmay_fire_ice_demons
D:5:      layout_basic, uniq_eustachio
D:6:      layout_loops_ring, nicolae_overflow_hallway_of_the_gods,
          mainiacjoe_overflow_chevrons, temple_green, serial_shops,
          nicolae_shop_hallway_stairs
D:7:      minmay_skewed_foursquare, layout_loops_ring, serial_shops, shop,
          minmay_misc_feat_more_columns, hangedman_decor_growths
D:8:      layout_cave_pools, uniq_prince_ribbit1, uniq_maurice

Skill      XL: |  1  2  3  4  5  6  7  8  9 10 |
---------------+-------------------------------+-----
Fighting       | 4 5 6 7 8 |  8.4
Axes           | 3 4 5 6 7 |  7.3
Armour         | 4 5 6 7 8 |  8.4
Shields        | 5 6 8 9 10 | 10.1
Invocations    | 1 4 |  4.8

Action                     |  1- 3 |  4- 6 |  7- 9 | 10-12 || total
---------------------------+-------+-------+-------+-------++-------
  Melee: War axe           |    52 |   137 |   196 |       ||   385
         Battleaxe         |       |       |     8 |    29 ||    37
Ability: Dig               |     1 |       |       |       ||     1
    Use: Potion            |       |    12 |     4 |       ||    16
         Scroll            |       |     3 |     6 |     4 ||    13
 Armour: Scale mail        |    24 |    52 |       |       ||    76
         Skin              |       |    17 |     1 |       ||    18
         Chain mail        |       |    22 |    57 |     6 ||    85
  Dodge: Dodged            |    24 |    55 |    28 |     6 ||   113
  Block: Buckler           |    11 |    19 |       |       ||    30
         Tower shield      |       |   108 |   268 |    41 ||   417
         Orb               |       |     5 |       |       ||     5
         Reflection        |       |     3 |     3 |       ||     6

Table legend: (Time is in decaauts)
 A = Elapsed time spent in this place.
 B = Non-inter-level travel time spent in this place.
 C = Inter-level travel time spent in this place.
 D = Time resting spent in this place.
 E = Time spent auto-exploring this place.
 F = Levels seen in this place.
 G = Mean time per level.
                   A        B        C        D        E       F      G
               +--------+--------+--------+--------+--------+-----+--------+
         Total |   6935 |   6805 |    130 |   1022 |   4517 |   8 |  866.9 |
       Dungeon |   6935 |   6805 |    130 |   1022 |   4517 |   8 |  866.9 |
               +--------+--------+--------+--------+--------+-----+--------+

Top non-repeatable levels by time:
     D:7: 1827 daAuts
     D:4: 1183 daAuts
     D:5: 907 daAuts
     D:1: 820 daAuts
     D:6: 729 daAuts
     D:2: 684 daAuts
     D:3: 504 daAuts
     D:8: 279 daAuts
